 Dungeon Crawl Stone Soup version 0.21.0 (webtiles) character file.

3547 8fpsbossfight the Carver (level 9, -1/71 HPs)
             Began as a Minotaur Monk on Jan 7, 2018.
             Was a High Priest of Okawaru.
             Slain by a two-headed ogre
             ... wielding a +0 giant club
              (23 damage)
             ... on level 8 of the Dungeon.
             The game lasted 00:15:39 (8711 turns).

8fpsbossfight the Carver (Minotaur Monk)            Turns: 8711, Time: 00:15:39

Health: -1/71      AC: 12    Str: 19    XL:     9   Next: 83%
Magic:  24/24      EV:  9    Int:  7    God:    Okawaru [*****.]
Gold:   554        SH:  0    Dex: 13    Spells: 8/8 levels left

rFire    . . .     SeeInvis .   a - +0 long sword
rCold    . . .     Gourm    .   (no shield)
rNeg     . . .     Faith    .   t - +0 plate armour
rPois    +         Spirit   .   (helmet restricted)
rElec    .         Reflect  .   (no cloak)
rCorr    .         Harm     .   (no gloves)
MR       .....                  (no boots)
Stlth    ..........             (no amulet)
HPRegen  0.21/turn              h - ring of poison resistance
MPRegen  0.19/turn              l - ring of magical power

@: heroism
A: retaliatory headbutt, horns 2
a: Heroism, Finesse, Renounce Religion


You were on level 8 of the Dungeon.
You worshipped Okawaru.
Okawaru was extremely pleased with you.
You were not hungry.

You visited 1 branch of the dungeon, and saw 8 of its levels.

You collected 554 gold pieces.

Inventory:

Hand Weapons
 a - a +0 long sword (weapon)
   (You found it on level 4 of the Dungeon)
Armour
 t - a +0 plate armour (worn)
   (You found it on level 5 of the Dungeon)
Jewellery
 h - a ring of poison resistance (left hand)
   (You found it on level 1 of the Dungeon)
 l - a ring of magical power (right hand)
   (You found it on level 4 of the Dungeon)
Wands
 b - a wand of polymorph (16)
   (You found it on level 6 of the Dungeon)
 c - a wand of disintegration (10)
   (You found it on level 7 of the Dungeon)
 v - a wand of digging (11)
   (You found it on level 4 of the Dungeon)
Scrolls
 f - a scroll of amnesia
 i - a scroll of teleportation {@r4}
 n - 6 scrolls of remove curse {@r2}
 p - a scroll of enchant armour
 r - a scroll of enchant weapon
 s - a scroll of fear
Potions
 d - 2 potions of flight
 g - 3 potions of curing {@q1}
 j - 2 potions of might
 k - 2 potions of heal wounds {@q2}
 m - 2 potions of lignification {!q}
 o - 3 potions of haste {@q3}
Books
 q - a book of Maledictions
   (You found it on level 5 of the Dungeon)
Comestibles
 e - 10 rations


   Skills:
 - Level 3.8(8.8) Fighting
 + Level 12.5(17.5) Long Blades
 - Level 3.4(8.4) Dodging
 - Level 1.5(6.5) Stealth
 + Level 9.5 Invocations


You had 8 spell levels left.
You didn't know any spells.

Dungeon Overview and Level Annotations

Branches:
Dungeon (8/15)             Temple (0/1) D:4
   Lair: D:8-11

Altars:
Gozag
Kikubaaqudgha
Nemelex Xobeh
Okawaru
Ru
Wu Jian

Shops:
D:7 [


Innate Abilities, Weirdness & Mutations

You reflexively headbutt those who attack you in melee.
You have a pair of horns on your head.


Message History

You hit the orc wizard.
The orc wizard hits you but does no damage.
You slash the orc wizard!
You kill the orc wizard!
Okawaru accepts your kill.
No target in view!
No target in view!
No target in view!
No target in view!
No target in view!
You start resting.
You feel like a meek peon again.
A two-headed ogre comes into view.
It is wielding a giant club and a giant spiked club.
Aim: a two-headed ogre, wielding a giant club and a giant spiked club (hasn't noticed you, chance to defeat MR: 28%)
Okay, then.
You gain the combat prowess of a mighty hero.
The two-headed ogre shouts in stereo!
Things that are here:
a dagger; a robe; an orc corpse You hit the two-headed ogre.
The two-headed ogre hits you with a giant club!
The two-headed ogre hits you with a giant spiked club!
Your plate armour prevents you from hitting the two-headed ogre.
Your plate armour prevents you from hitting the two-headed ogre.
The two-headed ogre hits you but does no damage.
The two-headed ogre barely misses you.
You barely miss the two-headed ogre.
Your plate armour prevents you from hitting the two-headed ogre.
The two-headed ogre hits you with a giant club!
The two-headed ogre closely misses you.
You barely miss the two-headed ogre. You headbutt the two-headed ogre!
You closely miss the two-headed ogre.
The two-headed ogre hits you with a giant club.
The two-headed ogre hits you with a giant spiked club.
* * * LOW HITPOINT WARNING * * *
You slash the two-headed ogre!
Your plate armour prevents you from hitting the two-headed ogre.
You headbutt the two-headed ogre! The two-headed ogre barely misses you.
You furiously retaliate!
You headbutt the two-headed ogre! The two-headed ogre misses you.
You hit the two-headed ogre.
You completely miss the two-headed ogre.
The two-headed ogre barely misses you. You furiously retaliate!
You headbutt the two-headed ogre, but do no damage.
The two-headed ogre hits you with a giant spiked club!
* * * LOW HITPOINT WARNING * * *
You hit the two-headed ogre.
You hit the two-headed ogre but do no damage.
The two-headed ogre hits you with a giant club!!
You die...

#..... ...... ...#. .
## ..### #### #
...####... ...#..# #.
#O#.# #. #.@)### ##
#...))#### ####
#.###)...#######...
#..................##
#############.......#
#######.. ###


You could see a two-headed ogre.

Vanquished Creatures
  The ghost of SaltIsReal the Magician, an amateur GnWn (D:3)
  3 orc warriors
  3 sky beasts
  3 ice beasts
  2 black bears
  A phantom (D:7)
  A crocodile (D:7)
  3 ogres
  2 centaurs
  2 big kobolds
  4 bullfrogs
  A wyvern zombie (D:6)
  2 killer bees (D:8)
  A scorpion (D:4)
  2 crimson imps
  4 jellies
  A bullfrog zombie (D:6)
  3 orc priests
  A hound (D:4)
  3 bullfrog skeletons
  7 orc wizards
  3 iguanas
  6 worker ants
  A killer bee zombie (D:7)
  A howler monkey zombie (D:8)
  Robin (D:3)
  16 adders
  4 gnolls (D:7)
  A shadow imp (D:8)
  An ooze (D:4)
  An adder zombie (D:5)
  An adder skeleton (D:8)
  6 worms
  2 dart slugs
  4 leopard geckos
  22 orcs
  3 ball pythons
  6 giant cockroaches
  18 goblins
  9 hobgoblins
  7 jackals
  2 quokkas
  11 bats
  4 frilled lizards
  13 kobolds
  A leopard gecko skeleton (D:7)
  A leopard gecko zombie (D:6)
  8 rats
  A fungus (D:3)
204 creatures vanquished.

Vanquished Creatures (others)
  A human (D:5)
  5 toadstools (D:1)
6 creatures vanquished.

Grand Total: 210 creatures vanquished

Notes
Turn   | Place    | Note
-------+----------+-------------------------------------------
     0 | D:1      | 8fpsbossfight the Minotaur Monk began the quest for the Orb.
     0 | D:1      | Reached XP level 1. HP: 19/19 MP: 0/0
    90 | D:1      | Reached skill level 4 in Long Blades
    96 | D:1      | Reached XP level 2. HP: 10/27 MP: 1/1
  1159 | D:2      | Reached XP level 3. HP: 32/33 MP: 2/2
  1249 | D:2      | Reached skill level 5 in Long Blades
  1477 | D:2      | Reached XP level 4. HP: 34/40 MP: 3/3
  1634 | D:2      | Reached skill level 6 in Long Blades
  1653 | D:2      | Found an iron altar of Okawaru.
  1682 | D:2      | Became a worshipper of Warmaster Okawaru
  1682 | D:2      | Reached * piety under Okawaru
  1682 | D:2      | Reached ** piety under Okawaru
  1914 | D:3      | Reached skill level 1 in Invocations
  2479 | D:3      | Noticed a big kobold
  2485 | D:3      | Killed a big kobold
  2485 | D:3      | Reached XP level 5. HP: 46/46 MP: 3/5
  2520 | D:3      | Noticed SaltIsReal's ghost (amateur GnWn)
  2526 | D:3      | Killed SaltIsReal's ghost
  2526 | D:3      | Reached skill level 7 in Long Blades
  2526 | D:3      | Reached XP level 6. HP: 48/52 MP: 3/7
  2782 | D:3      | Noticed Robin
  2792 | D:3      | Killed Robin
  3393 | D:4      | Found a staircase to the Ecumenical Temple.
  3478 | D:4      | Reached XP level 7. HP: 58/58 MP: 7/9
  3512 | D:4      | Reached skill level 8 in Long Blades
  3760 | D:4      | Reached *** piety under Okawaru
  4219 | D:5      | Entered Level 5 of the Dungeon
  4234 | D:5      | Reached skill level 5 in Invocations
  4286 | D:5      | Reached skill level 9 in Long Blades
  4548 | D:5      | Reached XP level 8. HP: 58/66 MP: 11/11
  4883 | D:5      | Found an ancient bone altar of Kikubaaqudgha.
  5013 | D:5      | Found a sparkling altar of Nemelex Xobeh.
  5016 | D:5      | Found an opulent altar of Gozag.
  5261 | D:6      | Reached **** piety under Okawaru
  5261 | D:6      | Reached skill level 10 in Long Blades
  6457 | D:7      | Reached XP level 9. HP: 65/71 MP: 13/13
  6507 | D:7      | Reached skill level 11 in Long Blades
  7378 | D:7      | Found Tamethoj's Armour Boutique.
  7645 | D:7      | Found an ornate altar of the Wu Jian Council.
  7751 | D:7      | Found a sacrificial altar of Ru.
  7829 | D:7      | Reached skill level 12 in Long Blades
  7874 | D:7      | Reached ***** piety under Okawaru
  8622 | D:8      | Found an ancient bone altar of Kikubaaqudgha.
  8695 | D:8      | Noticed a two-headed ogre
  8711 | D:8      | Slain by a two-headed ogre

Skill      XL: |  1  2  3  4  5  6  7  8  9 |
---------------+----------------------------+-----
Long Blades    | 4 5 6 7 9 10 12 | 12.5
Invocations    | 2 3 4 5 7 9 |  9.5
Fighting       | |  3.8
Dodging        | |  3.4
Stealth        | |  1.5

Action                   |  1- 3 |  4- 6 |  7- 9 || total
-------------------------+-------+-------+-------++-------
Melee: Falchion          |    97 |   157 |   235 ||   489
       Headbutt          |    17 |    33 |   113 ||   163
       Long sword        |       |       |   213 ||   213
       Punch             |       |       |     3 ||     3
Invok: Heroism           |       |     1 |     9 ||    10
Evoke: Wand              |       |       |     3 ||     3
  Use: Scroll            |       |     9 |     7 ||    16
       Potion            |       |     1 |     1 ||     2
 Stab: Sleeping          |     2 |       |       ||     2
  Eat: Chunk             |     2 |     3 |    14 ||    19
       Ration            |       |     1 |     1 ||     2
Armor: Robe              |     9 |       |       ||     9
       Chain mail        |    28 |    72 |    55 ||   155
       Leather armour    |     1 |       |       ||     1
       Plate armour      |       |       |   139 ||   139
Dodge: Dodged            |    59 |    56 |   125 ||   240
       Rpst.: Falchion   |     9 |    17 |    17 ||    43
       Long sword        |       |       |    18 ||    18
